 Dungeon Crawl Stone Soup version 0.29.0-4-gdea44cf6ec (webtiles) character file.

Game seed: 12392653816310243147

2685 qw the Grappler (level 9, 0/85 HPs)
             Began as a Troll Cinder Acolyte on Aug 31, 2022.
             Was a High Priest of Ignis.
             Slain by Amaemon
             ... wielding a -1 demon whip of venom
              (4 damage)
             ... on level 8 of the Dungeon.
             The game lasted 00:03:27 (5893 turns).

qw the Grappler (Troll Cinder Acolyte)              Turns: 5893, Time: 00:03:27

Health: 0/85       AC:  4    Str: 28    XL:     9   Next: 38%
Magic:  0/9        EV:  9    Int: 10    God:    Ignis [*****.]
Gold:   298        SH:  0    Dex:  5    Spells: 10/10 levels left

rFire   + . .      SeeInvis .     - Unarmed
rCold   . . .      Faith    .   (no shield)
rNeg    . . .      Spirit   +   a - +0 robe
rPois   .          Reflect  .   (helmet restricted)
rElec   .          Harm     .   (no cloak)
rCorr   .          Rampage  .   (gloves unavailable)
Will    .....                   (boots unavailable)
Stlth   +.........              b - amulet of guardian spirit
HPRegen 1.04/turn               d - +4 ring of slaying {mikee}
MPRegen 0.11/turn               (no ring)

@: lethally poisoned (0 -> -29), about to teleport, slowed, very slow
A: large, unfitting armour, claws 3, regeneration 1, shaggy fur 1, tough skin 1
a: Renounce Religion, Fiery Armour, Foxfire Swarm, Rising Flame


You were on level 8 of the Dungeon.
You worshipped Ignis.
Ignis was extremely pleased with you.
You visited 1 branch of the dungeon, and saw 8 of its levels.
You also visited: Ossuary.

You collected 358 gold pieces.
You spent 60 gold pieces at shops.


Innate Abilities, Weirdness & Mutations

You are too large for most types of armour.
You have claws for hands.
Your natural rate of healing is unusually fast.
You are covered in fur. (AC +1)
You have tough skin. (AC +1)


   Skills:
 + Level 4.7 Fighting
 - Level 1.4 Dodging
 - Level 12.0 Unarmed Combat
 - Level 1.0 Spellcasting
 - Level 2.1 Fire Magic


You had 10 spell levels left.
You didn't know any spells.
Your spell library contained the following spells:

 Spells                   Type           Power      Damage    Failure   Level
 Scorch                   Fire           8%         2d5       22%         2

Inventory:

Armour
 a - a +0 robe (worn)
Jewellery
 b - an amulet of guardian spirit (around neck)
 d - a +4 ring of slaying (left claw) {mikee}
Scrolls
 g - a scroll of identify
 i - 2 scrolls of teleportation
Potions
 c - 3 potions of heal wounds
 e - a potion of might
 f - 5 potions of curing
 h - 2 potions of haste
 j - a potion of mutation
 k - a potion of cancellation

Dungeon Overview and Level Annotations

Branches:
Dungeon (8/15)             Temple (0/1) D:6         Ossuary (visited)
   Lair: D:8-11

Altars:
Makhleb
Trog

Shops:
D:1 (!(   D:7 :

Annotations:
D:5 1 runed translucent door, qw's ghost, novice TeWr
D:8 Amaemon


Message History

You see here a +2 vampiric hand axe.
f - 5 potions of curing (gained 1)
You feel your willpower return.
Amaemon the Diabolical Poisoner comes into view.
He is wielding a -1 demon whip of venom.
Amaemon shouts!
An orange demon comes into view.
Amaemon gestures at the orange demon while chanting.
The orange demon screeches!
The orange demon seems to grow toxic.
5885 ||| Stepping ~*~*~tactically~*~*~ (hiding).
5886 ||| Stepping ~*~*~tactically~*~*~ (hiding).
5887 ||| Stepping ~*~*~tactically~*~*~ (hiding).
The orange demon stings you from afar!
You are poisoned.
You have difficulty breathing.
You feel yourself slow down.
You claw Amaemon!
Amaemon is lightly wounded.
You feel very sick. The orange demon stings you from afar.
Amaemon shouts, "You think you're better than me?"
Amaemon hits you with a -1 demon whip of venom!
You are more poisoned.
Amaemon barely misses you. Amaemon tail-slaps you.
You claw Amaemon!
Amaemon is moderately wounded.
You feel extremely sick. The orange demon stings you from afar!
You are more poisoned.
You have difficulty breathing.
You feel as though you will be slow longer.
Amaemon hits you with a -1 demon whip of venom!
You are more poisoned.
Amaemon closely misses you. Amaemon barely misses you.
5893 ||| READING 3 scrolls of teleportation.
As you read the scroll of teleportation, it crumbles to dust.
You feel strangely unstable.
You feel extremely sick. The orange demon barely misses you.
Amaemon hits you with a -1 demon whip of venom!
You die...

...... ..... ....
... ##.. #.4 #6# #@#
##.# #..# ######..#
####..##...##
###........#..##
##.....)........#
##.....<......##....
##.............#
#....


You could see Amaemon and an orange demon (curare).

Vanquished Creatures
  A wyvern (D:7)
  A steam dragon (D:7)
  2 water moccasins
  3 ice beasts
  A sky beast (D:7)
  A black bear (D:4)
  3 ogres
  A phantom (D:5)
  3 bullfrogs
  2 necrophages
  4 scorpions
  An elf skeleton (D:4)
  A centaur zombie (Ossuary)
  3 human zombies (Ossuary)
  A hound (D:6)
  2 jellies
  3 human skeletons (D:4)
  5 iguanas
  An orc wizard (D:3)
  2 mummies (Ossuary)
  10 gnolls
  7 adders
  2 shadow imps
  A white imp (D:5)
  5 ufetubi
  4 worms (D:3)
  2 dart slugs
  7 orcs
  6 bats
  4 endoplasms
  6 giant cockroaches
  6 goblins
  3 hobgoblins
  4 jackals (D:2)
  11 quokkas
  5 ball pythons
  4 frilled lizards
  12 hobgoblin zombies (Ossuary)
  A jackal zombie (Ossuary)
  3 kobolds
  7 kobold zombies (Ossuary)
  12 orc zombies
  7 rats
  3 rat zombies (Ossuary)
173 creatures vanquished.

Notes
Turn   | Place    | Note
-------+----------+-------------------------------------------
     0 | D:1      | qw the Troll Cinder Acolyte began the quest for the Orb.
     0 | D:1      | Reached XP level 1. HP: 22/22 MP: 1/1
     0 | D:1      | 0 ||| qw: Version: 0.1-a-97-g2dd2ca4
     0 | D:1      | 0 ||| qw: Game counter: 4571
     0 | D:1      | 0 ||| qw: Always use a shield: true
     0 | D:1      | 0 ||| qw: God list: Okawaru
     0 | D:1      | 0 ||| qw: Allow faded altars: false
     0 | D:1      | 0 ||| qw: Do Orc after D:15 true
     0 | D:1      | 0 ||| qw: Do second Lair branch before Depths: true
     0 | D:1      | 0 ||| qw: Lair rune preference: random
     0 | D:1      | 0 ||| qw: Plans: Normal
     0 | D:1      | 0 ||| PLANNING D:1-11
    50 | D:1      | Found Doloonk's Weapon Emporium.
   218 | D:1      | Reached XP level 2. HP: 29/29 MP: 2/2
   346 | D:1      | Found Oschargh's Weapon Boutique.
   491 | D:1      | Found a faded altar of an unknown god.
   503 | D:1      | Reached skill level 4 in Unarmed Combat
   543 | D:1      | Found Rihedass's Distillery.
   565 | D:1      | 565 ||| BUYING potion of curing (30 gold).
   565 | D:1      | Bought a potion of curing for 30 gold pieces
   565 | D:1      | 565 ||| BUYING potion of curing (30 gold).
   565 | D:1      | Bought a potion of curing for 30 gold pieces
   565 | D:1      | 565 ||| SHOPLISTING potion of heal wounds (50 gold, have
                  | 12).
   565 | D:1      | 565 ||| SHOPLISTING potion of mutation (80 gold, have 12).
   598 | D:1      | Reached XP level 3. HP: 36/36 MP: 3/3
   794 | D:1      | 794 ||| UPGRADING to amulet of guardian spirit.
   799 | D:1      | 799 ||| DROPPING ring of magical power.
   800 | D:1      | 800 ||| READING scroll labelled KOTUGEINLY.
   817 | D:1      | 817 ||| READING scroll labelled DYPNOE CAULID.
   818 | D:1      | 818 ||| READING scroll labelled MUERGH CAWADUTA.
   819 | D:1      | 819 ||| READING scroll labelled SOUNWAL LAIVIAX.
   820 | D:1      | 820 ||| READING scroll labelled PIELIUZI CAPLU.
   866 | D:2      | 866 ||| Stepping ~*~*~tactically~*~*~ (outnumbered).
   867 | D:2      | 867 ||| Stepping ~*~*~tactically~*~*~ (outnumbered).
   868 | D:2      | 868 ||| Stepping ~*~*~tactically~*~*~ (outnumbered).
   869 | D:2      | 869 ||| Stepping ~*~*~tactically~*~*~ (outnumbered).
   870 | D:2      | 870 ||| Stepping ~*~*~tactically~*~*~ (outnumbered).
   871 | D:2      | 871 ||| Stepping ~*~*~tactically~*~*~ (outnumbered).
  1158 | D:2      | 1158 ||| Stepping ~*~*~tactically~*~*~ (stealth).
  1159 | D:2      | 1159 ||| Stepping ~*~*~tactically~*~*~ (stealth).
  1262 | D:2      | Reached XP level 4. HP: 42/44 MP: 4/4
  1298 | D:2      | 1298 ||| READING scroll labelled QIUMARUNWEM.
  1299 | D:2      | 1299 ||| READING scroll labelled TANOAT FEGGOU.
  1302 | D:2      | 1302 ||| DRINKING 2 metallic grey potions.
  1303 | D:2      | 1303 ||| DROPPING potion of degeneration.
  1315 | D:3      | 1315 ||| PLANNING SEWER
  1318 | D:3      | Reached skill level 5 in Unarmed Combat
  1640 | D:3      | 1640 ||| Stepping ~*~*~tactically~*~*~ (stealth).
  1642 | D:3      | 1642 ||| Stepping ~*~*~tactically~*~*~ (stealth).
  1646 | D:3      | 1646 ||| Stepping ~*~*~tactically~*~*~ (hiding).
  1797 | D:3      | Found a bloodstained altar of Trog.
  1898 | D:3      | Reached XP level 5. HP: 50/50 MP: 5/5
  1902 | D:3      | 1902 ||| RIP SEWER
  1905 | D:3      | 1905 ||| PLANNING D:1-11
  1912 | D:3      | 1912 ||| READING 2 scrolls labelled POOSTR VIHIXYA.
  1913 | D:3      | 1913 ||| DRINKING 2 clear potions.
  1914 | D:3      | 1914 ||| DRINKING 2 puce potions.
  2019 | D:3      | 2019 ||| DROPPING potion of berserk rage.
  2020 | D:3      | 2020 ||| DROPPING scroll of poison.
  2102 | D:4      | 2102 ||| PLANNING OSSUARY
  2151 | D:4      | Found a burning altar of Makhleb.
  2222 | D:4      | Reached skill level 6 in Unarmed Combat
  2243 | D:4      | Noticed a black bear
  2253 | D:4      | 2253 ||| INVOKING Fiery Armour.
  2254 | D:4      | Killed a black bear
  2425 | D:4      | Reached XP level 6. HP: 55/59 MP: 6/6
  2459 | D:4      | Identified the +6 dagger "Olyen" {holy, rC+ Dex+4}
  2605 | D:4      | Reached skill level 7 in Unarmed Combat
  2636 | D:4      | Found a sand-covered staircase.
  2645 | Ossuary  | Entered an ossuary
  2729 | Ossuary  | 2729 ||| INVOKING Fiery Armour.
  2743 | Ossuary  | 2743 ||| Stepping ~*~*~tactically~*~*~ (outnumbered).
  2752 | Ossuary  | 2752 ||| Stepping ~*~*~tactically~*~*~ (outnumbered).
  2753 | Ossuary  | 2753 ||| Stepping ~*~*~tactically~*~*~ (outnumbered).
  2754 | Ossuary  | 2754 ||| Stepping ~*~*~tactically~*~*~ (outnumbered).
  2757 | Ossuary  | 2757 ||| Stepping ~*~*~tactically~*~*~ (outnumbered).
  2765 | Ossuary  | Reached skill level 8 in Unarmed Combat
  2765 | Ossuary  | Reached XP level 7. HP: 61/66 MP: 5/7
  2973 | Ossuary  | 2973 ||| READING 2 scrolls labelled UNOSUU FACUNG.
  2974 | Ossuary  | 2974 ||| READING 2 scrolls labelled AKALYK TURA.
  3075 | Ossuary  | 3075 ||| READING 2 scrolls labelled OPEARO HOPTIVAU.
  3076 | Ossuary  | 3076 ||| DRINKING 3 metallic brown potions.
  3077 | Ossuary  | 3077 ||| DROPPING scroll of summoning.
  3078 | Ossuary  | 3078 ||| DROPPING scroll of silence.
  3079 | Ossuary  | 3079 ||| DROPPING scroll of butterflies.
  3092 | D:4      | 3092 ||| PLANNING D:1-11
  3126 | D:4      | Reached skill level 3 in Fighting
  3343 | D:5      | Entered Level 5 of the Dungeon
  3379 | D:5      | 3379 ||| Stepping ~*~*~tactically~*~*~ (hiding).
  3494 | D:5      | Reached skill level 9 in Unarmed Combat
  3534 | D:5      | Reached skill level 1 in Dodging
  3534 | D:5      | Reached XP level 8. HP: 75/75 MP: 8/8
  3570 | D:5      | Found a runed translucent door.
  3572 | D:5      | Noticed qw's ghost (novice TeWr)
  3574 | D:5      | 3574 ||| READING 2 scrolls of identify.
  3574 | D:5      | 3574 ||| IDENTIFYING amethyst potion
  3627 | D:5      | 3627 ||| Stepping ~*~*~tactically~*~*~ (hiding).
  3939 | D:5      | 3939 ||| Stepping ~*~*~tactically~*~*~ (outnumbered).
  4074 | D:5      | Reached skill level 10 in Unarmed Combat
  4175 | D:5      | 4175 ||| READING 2 scrolls of identify.
  4175 | D:5      | 4175 ||| IDENTIFYING yellow potion
  4176 | D:5      | 4176 ||| DROPPING potion of magic.
  4370 | D:6      | 4370 ||| Stepping ~*~*~tactically~*~*~ (stealth).
  4552 | D:6      | 4552 ||| Stepping ~*~*~tactically~*~*~ (stealth).
  4553 | D:6      | 4553 ||| Stepping ~*~*~tactically~*~*~ (stealth).
  4556 | D:6      | 4556 ||| Stepping ~*~*~tactically~*~*~ (stealth).
  4557 | D:6      | 4557 ||| Stepping ~*~*~tactically~*~*~ (stealth).
  4597 | D:6      | 4597 ||| Stepping ~*~*~tactically~*~*~ (outnumbered).
  4598 | D:6      | 4598 ||| Stepping ~*~*~tactically~*~*~ (outnumbered).
  4735 | D:6      | Found a staircase to the Ecumenical Temple.
  4775 | D:6      | Reached skill level 11 in Unarmed Combat
  4865 | D:6      | Reached XP level 9. HP: 84/84 MP: 9/9
  4887 | D:6      | 4887 ||| Stepping ~*~*~tactically~*~*~ (hiding).
  5109 | D:6      | 5109 ||| READING 3 scrolls of identify.
  5109 | D:6      | 5109 ||| IDENTIFYING grey potion
  5110 | D:6      | 5110 ||| READING 2 scrolls of identify.
  5110 | D:6      | 5110 ||| IDENTIFYING fizzy yellow potion
  5111 | D:6      | 5111 ||| DROPPING potion of flight.
  5422 | D:7      | Reached skill level 12 in Unarmed Combat
  5468 | D:7      | Found Sievvepe's Book Shop.
  5817 | D:7      | 5817 ||| UPGRADING to +4 ring of slaying {mikee}.
  5818 | D:7      | 5818 ||| READING 2 scrolls labelled QIUJEPL ZEECUU.
  5819 | D:7      | 5819 ||| READING 3 scrolls of identify.
  5819 | D:7      | 5819 ||| IDENTIFYING bubbling green potion
  5820 | D:7      | 5820 ||| READING 2 scrolls of identify.
  5820 | D:7      | 5820 ||| IDENTIFYING fizzy grey potion
  5821 | D:7      | 5821 ||| DROPPING potion of brilliance.
  5822 | D:7      | 5822 ||| DROPPING scroll of vulnerability.
  5884 | D:8      | Noticed Amaemon
  5884 | D:8      | Noticed an orange demon
  5885 | D:8      | 5885 ||| Stepping ~*~*~tactically~*~*~ (hiding).
  5886 | D:8      | 5886 ||| Stepping ~*~*~tactically~*~*~ (hiding).
  5887 | D:8      | 5887 ||| Stepping ~*~*~tactically~*~*~ (hiding).
  5892 | D:8      | HP: 21/85 [Amaemon/-1 demon whip of venom (9)]
  5893 | D:8      | 5893 ||| READING 3 scrolls of teleportation.
  5893 | D:8      | HP: 4/85 [poisoned by Amaemon]
  5893 | D:8      | Slain by Amaemon

Levels and vault maps discovered:
D:1:      lightli_arrival_quake, layout_basic,
          hellmonk_ecumenical_altar_lost_god, serial_shops,
          nicolae_shop_crystal, nicolae_shop_temple_entry_statues_fountains,
          nicolae_shop_bloodbath_and_beyond, minmay_pentomino_s2
D:2:      layout_rooms
D:3:      layout_loops_ring, mainiacjoe_overflow_alcove_4,
          gup_sewer_entry_bubbles, dreamdust_mushroom_princess,
          small_statue_intersection
D:4:      layout_loops_ring, kennysheep_little_box,
          nicolae_ossuary_entry_catacombs, minmay_liquid_box
D:5:      layout_gridville, ebering_ghost_sewer_d, hangedman_decor_opposing
D:6:      layout_basic, minmay_temple_entry_waves
D:7:      layout_gridville, serial_shops, kennysheep_mini_moat,
          kennysheep_generic_room_6
D:8:      layout_cave_pods, nicolae_elyvilon_peaceful_grove, st_stairs_7,
          uniq_prince_ribbit1, uniq_amaemon

Skill      XL: |  1  2  3  4  5  6  7  8  9 |
---------------+----------------------------+-----
Unarmed Combat | 4 5 6 8 9 11 12 | 12.0
Fighting       | 3 4 |  4.7
Dodging        | 1 |  1.4
Spellcasting   | |  1.0
Fire Magic     | |  2.1

Action                   |  1- 3 |  4- 6 |  7- 9 || total
-------------------------+-------+-------+-------++-------
Melee: Unarmed           |   130 |   136 |   180 ||   446
       Punch             |     2 |     4 |     7 ||    13
Throw: Boomerang         |       |    61 |     3 ||    64
Invok: Fiery Armour      |       |     2 |       ||     2
  Use: Scroll            |     5 |     3 |    11 ||    19
       Potion            |       |     3 |     1 ||     4
Armor: Robe              |    39 |    35 |    24 ||    98
Dodge: Dodged            |    60 |    31 |    57 ||   148

Table legend:
 A = Non-vault XP
 B = Vault XP
 C = Vault XP percentage of total XP
 D = Non-vault monster count
 E = Vault monster count
 F = Vault count percentage of total count
                 A         B        C        D         E       F
            +---------+---------+-------+---------+---------+-------
      Total |    3375 |     461 |  12.0 |     119 |      54 |  31.2
            +---------+---------+-------+---------+---------+-------
        D:1 |      40 |       3 |   7.0 |      24 |       2 |   7.7
        D:2 |      57 |       0 |   0.0 |      20 |       0 |   0.0
        D:3 |      83 |      19 |  18.6 |      15 |       7 |  31.8
        D:4 |     309 |     187 |  37.7 |       8 |       6 |  42.9
        D:5 |    1000 |       0 |   0.0 |      17 |       0 |   0.0
        D:6 |    1000 |       0 |   0.0 |      23 |       0 |   0.0
        D:7 |     886 |       0 |   0.0 |      12 |       0 |   0.0
    Ossuary |       0 |     252 | 100.0 |       0 |      39 | 100.0
            +---------+---------+-------+---------+---------+-------
